 Dungeon Crawl Stone Soup version 0.32-a0-41-gec2d92a32c (webtiles) character file.

Game seed: 15791630080204180186

227 SoakedWettersCrisps the Shooter (level 5, -6/46 HPs)
             Began as a Minotaur Hunter on Jan 25, 2024.
             Was a Follower of Trog.
             Mangled by Edmund the fire bat (13 damage)
             ... on level 4 of the Dungeon.
             The game lasted 00:10:07 (2361 turns).

SoakedWettersCrisps the Shooter (Minotaur Hunter)   Turns: 2361, Time: 00:10:08

Health: -6/46      AC:  3    Str: 18    XL:     5   Next: 70%
Magic:  4/4        EV: 17    Int:  6    God:    Trog [*.....]
Gold:   195        SH:  0    Dex: 13    Spells: 4/4 levels left

rFire   x . .        a - +0 shortbow
rCold   + . .        (shield currently unavailable)
rNeg    . . .        c - +0 leather armour
rPois   .            (helmet restricted)
rElec   .            (no cloak)
rCorr   .            (no gloves)
SInv    .            (no boots)
Will    .....        n - amulet of the acrobat
Stlth   +            d - +5 ring of evasion
HPRegen 0.27/turn    o - ring of ice
MPRegen 0.09/turn

%: acrobat
@: no status effects
A: horns 2, retaliatory headbutt
a: Renounce Religion, Berserk


You were on level 4 of the Dungeon.
You worshipped Trog.
Trog was aware of your devotion.
You visited 1 branch of the dungeon, and saw 4 of its levels.

You collected 195 gold pieces.

Inventory:

Hand Weapons
 a - a +0 shortbow (weapon)
 p - the +9 hand axe of Blind Justice {vamp, rN+ Will- Str+3}
   (You took it off a kobold on level 2 of the Dungeon)

   Str+3:     It affects your strength (+3).
   rN+:       It protects you from negative energy.
   Will-:     It decreases your willpower.
Armour
 c - a +0 leather armour (worn)
Jewellery
 d - a +5 ring of evasion (left hand)
 n - an amulet of the acrobat (around neck)
 o - a ring of ice (right hand)
Wands
 v - a wand of polymorph (5)
Scrolls
 b - a scroll of butterflies
 g - a scroll of fear
 h - 3 scrolls of blinking {unknown}
 j - 3 scrolls of teleportation
 k - a scroll of fog {unknown}
 l - a scroll of noise {unknown}
 m - a scroll of brand weapon {unknown}
 q - 2 scrolls of vulnerability
 s - a scroll of silence {unknown}
 t - a scroll of immolation
Potions
 e - a potion of cancellation
 i - a potion of heal wounds {unknown}
 r - a potion of brilliance {unknown}
 u - a potion of curing {unknown}


   Skills:
 + Level 3.7 Fighting
 + Level 6.6 Ranged Weapons
 + Level 2.1 Armour
 + Level 2.6 Dodging
 + Level 1.0 Stealth


You had 4 spell levels left.
You didn't know any spells.
Your spell library contained the following spells:

 Spells                   Type           Power      Damage    Failure   Level
 Freeze                   Ice            0%         1d3       52%         1
 Shock                    Conj/Air       0%         1d3       52%         1
 Frozen Ramparts          Ice            0%         1d1       87%         3
 Hailstorm                Conj/Ice       0%         3d5       87%         3
 Swiftness                Air            0%         N/A       87%         3
 Volatile Blastmotes      Fire/Tloc      0%         2d10      87%         3
 Airstrike                Air            0%         2d(0-16)  99%         4
 Fulminant Prism          Conj/Alch      0%         3d5       99%         4
 Iskenderun's Mystic Bla  Conj/Tloc      0%         2d3       99%         4


Dungeon Overview and Level Annotations

Branches:
Dungeon (4/15)
 Temple: D:4-7

Altars:
Okawaru
Trog

Annotations:
D:4 Edmund, Grinder


Innate Abilities, Weirdness & Mutations

You have a pair of horns on your head.
You reflexively headbutt those who attack you in melee.


Message History

Edmund hits you with a +1 flail of holy wrath.
Grinder hits you!
You writhe in agony.
You shoot an arrow. The arrow closely misses Grinder.
Edmund hits you with a +1 flail of holy wrath!
* * * LOW HITPOINT WARNING * * *
Grinder completely misses you.
As you read the scroll of fear, it crumbles to dust.
You assume a fearsome visage.
Grinder looks frightened!
Edmund looks frightened!
Edmund howls, "Help!"
Grinder blinks!
Grinder blinks!
Edmund yells at you, "GO AWAY!"
Grinder blinks!
There is an open door here.
You start resting.
Edmund is nearby!
Aiming: Polymorph
Press: ? - help, Q - select action, (/) - cycle Shift-Dir - straight line, f - Edmund
Aim: Edmund, wielding a +1 flail of holy wrath and wearing a +0 scale mail (will become a fire bat, an iguana, or a centaur, chance to affect: 49%) Edmund evaporates and reforms as a fire bat!
Unknown command.
Fire: a) +0 shortbow
Press: ? - help, Q - select action, (/) - cycle Shift-Dir - straight line, f/p - Edmund
Aim: Edmund the fire bat (48% to hit)
You shoot an arrow. The arrow barely misses Edmund.
Fire: a) +0 shortbow
Press: ? - help, Q - select action, (/) - cycle Shift-Dir - straight line, p - Edmund You shoot an arrow.
The arrow hits Edmund.
Edmund is moderately wounded.
Edmund misses you. You furiously retaliate!
You headbutt Edmund.
Fire: a) +0 shortbow
Press: ? - help, Q - select action, (/) - cycle Shift-Dir - straight line, f - Edmund
Aim: Edmund the fire bat (heavily wounded, 48% to hit)
You shoot an arrow. The arrow hits Edmund.
Edmund is severely wounded.
Edmund bites you.
* * * LOW HITPOINT WARNING * * *
You are engulfed in flames!
The fire burns you terribly!
You die...

..............# #.
########......########
#..............
#..............
#..............
#....).........
####..............
#b......##########
#@......# #.......#
#.......# #.......#
#########


You could see Edmund the fire bat.

Vanquished Creatures
  A jelly (D:3)
  A hound (D:3)
  An orc priest (D:3)
  6 adders
  2 ribbon worms (D:2)
  2 dart slugs (D:1)
  5 orcs (D:3)
  6 endoplasms
  2 giant cockroaches
  2 hobgoblins (D:3)
  7 jackals
  6 kobolds
  4 quokkas
  9 ball pythons
  7 bats
  3 frilled lizards (D:1)
  3 goblins
  7 rats
74 creatures vanquished.

Notes
Turn   | Place    | Note
-------+----------+-------------------------------------------
     0 | D:1      | SoakedWettersCrisps the Minotaur Hunter began the quest for
                  | the Orb.
     0 | D:1      | Reached XP level 1. HP: 18/18 MP: 0/0
   115 | D:1      | Reached XP level 2. HP: 23/25 MP: 1/1
   284 | D:1      | Reached skill level 5 in Ranged Weapons
   543 | D:1      | Reached XP level 3. HP: 31/31 MP: 2/2
   890 | D:2      | Reached skill level 1 in Armour
  1073 | D:2      | Reached XP level 4. HP: 33/38 MP: 3/3
  1146 | D:2      | Identified the +9 hand axe of Blind Justice {vamp, rN+
                  | Will- Str+3}
  1590 | D:3      | Reached skill level 6 in Ranged Weapons
  1662 | D:3      | Reached XP level 5. HP: 45/45 MP: 4/4
  1669 | D:3      | Found a faded altar of an unknown god.
  1696 | D:3      | Prayed at the altar of an unknown god.
  1696 | D:3      | Became a worshipper of Trog the Wrathful
  1696 | D:3      | Reached * piety under Trog
  1876 | D:3      | Reached skill level 1 in Stealth
  1912 | D:3      | Found an iron altar of Okawaru.
  2309 | D:4      | Noticed Grinder
  2312 | D:4      | Noticed Edmund
  2323 | D:4      | Paralysed by Grinder for 3 turns
  2328 | D:4      | HP: 2/46 [Edmund/+1 flail of holy wrath (12)]
  2358 | D:4      | Edmund changed into Edmund the fire bat
  2358 | D:4      | Noticed Edmund
  2361 | D:4      | Mangled by Edmund the fire bat

Illustrated notes

Levels and vault maps discovered:
D:1:      kilobyte_arrival_exit_the_forest, layout_loops_ring, serial_glass,
          glass_columns_c, glass_columns_a
D:2:      minmay_chambers_of_twos, layout_basic, grunt_ministairs_14
D:3:      layout_rooms, mainiacjoe_overflow_brackets,
          hellmonk_ecumenical_altar_blasted, minmay_misc_feat_five, hex_tiny,
          minmay_diced_spiral
D:4:      layout_gridville, nicolae_ru_sacrificial_ziggurat,
          minmay_temple_entry_proselytizer, uniq_grinder, uniq_edmund

Skill      XL: |  1  2  3  4  5 |
---------------+----------------+-----
Ranged Weapons | 5 6 |  6.6
Fighting       | 3 |  3.7
Armour         | 1 2 |  2.1
Stealth        | 1 |  1.0
Dodging        | |  2.6

Action                     |  1- 3 |  4- 6 || total
---------------------------+-------+-------++-------
   Fire: Shortbow          |    99 |   122 ||   221
  Throw: Throwing net      |       |     1 ||     1
  Evoke: Wand              |       |     1 ||     1
    Use: Scroll            |       |     5 ||     5
 Armour: Leather armour    |    11 |    27 ||    38
  Dodge: Dodged            |    45 |    66 ||   111

Table legend: (Time is in decaauts)
 A = Elapsed time spent in this place.
 B = Non-inter-level travel time spent in this place.
 C = Inter-level travel time spent in this place.
 D = Time resting spent in this place.
 E = Time spent auto-exploring this place.
 F = Levels seen in this place.
 G = Mean time per level.
                   A        B        C        D        E       F      G
               +--------+--------+--------+--------+--------+-----+--------+
         Total |   2400 |   2094 |    306 |    152 |   1502 |   4 |  600.0 |
       Dungeon |   2400 |   2094 |    306 |    152 |   1502 |   4 |  600.0 |
               +--------+--------+--------+--------+--------+-----+--------+

Top non-repeatable levels by time:
     D:2: 815 daAuts
     D:1: 803 daAuts
     D:3: 668 daAuts
     D:4: 113 daAuts
